 Dungeon Crawl Stone Soup version 0.19.1-1-g22dce08 (webtiles) character file.

11 McKennaii the Magician (level 2, 0/17 HPs)
             Began as a High Elf Wizard on Jan 6, 2017.
             Slain by a goblin (4 damage)
             ... on level 1 of the Dungeon.
             The game lasted 00:01:16 (428 turns).

McKennaii the Magician (High Elf Wizard)             Turns: 428, Time: 00:01:17

Health: 0/17       AC:  2    Str:  6    XL:     2   Next: 17%
Magic:  1/8        EV: 13    Int: 21    God:
Gold:   5          SH:  0    Dex: 13    Spells: 1 memorised, 8 levels left

rFire  . . .     SeeInvis .     (no weapon)
rCold  . . .     Gourm    .     a - +0 robe
rNeg   . . .     Faith    .     (no shield)
rPois  .         Spirit   .     b - +0 hat
rElec  .         Reflect  .     (no cloak)
rCorr  .         Harm     .     (no gloves)
MR     .....                    (no boots)
Stlth  ++........               (no amulet)
                                (no ring)
                                (no ring)

@: very slightly contaminated
A: no striking features
a: no special abilities


You were on level 1 of the Dungeon.
You were not hungry.

You visited 1 branch of the dungeon, and saw 1 of its levels.

You collected 5 gold pieces.

Inventory:

Armour
 a - a +0 robe (worn)
 b - a +0 hat (worn)
Scrolls
 f - a scroll of enchant armour {unknown}
Potions
 e - a potion of curing {unknown}
Books
 c - a book of Minor Magic

   Spells                             Type                      Level
   a - Magic Dart                     Conjuration                  1
   b - Blink                          Translocation                2
   c - Call Imp                       Summoning                    2
   d - Repel Missiles                 Charms/Air                   2
   e - Slow                           Hexes                        2
   f - Conjure Flame                  Conjuration/Fire             3
   g - Mephitic Cloud                 Conjuration/Poison/Air       3
Comestibles
 d - a bread ration


   Skills:
 + Level 2.5 Dodging
 + Level 2.1 Stealth
 + Level 4.0 Spellcasting
 + Level 1.3 Conjurations
   Level 0.8 Summonings
   Level 1.1 Translocations


You had 8 spell levels left.
You knew the following spells:

 Your Spells              Type           Power        Failure   Level  Hunger
a - Magic Dart            Conj           #...         10%         1    None


Dungeon Overview and Level Annotations

Branches:
Dungeon (1/15)

Altars:


Message History

The bat barely misses you. The bat hits you.
* * * LOW HITPOINT WARNING * * *
Casting: Magic Dart
Confirm with . or Enter, or press ? or * to list all spells.
Aiming: Magic Dart
Press: ? - help, Shift-Dir - straight line, f/p - jackal
Aim: a jackal (heavily wounded)
The magic dart hits the bat.
You kill the bat!
Casting: Magic Dart
Confirm with . or Enter, or press ? or * to list all spells.
You don't have enough magic to cast that spell.
Unknown command.
The jackal bites you.
* * * LOW HITPOINT WARNING * * *
The jackal misses you. The jackal barely misses you.
The jackal barely misses you. The jackal barely misses you.
The goblin hits you.
You die...

..................).##..........#
...#.............##†##........###
.................##.##...##......
.................#.......##.#####
..............####..............#
..............##................#
.............#......##.........#
...(.........#.hg...##.........#
..)..........+.@h...##.........#
##...........##......#.........#
#.........#.##................#
###....#......................#
#....#.......)...#..........^
#......[................#####
#...#................#....
#...#.......#.##..........
...###.......#.##..........


You could see 2 jackals and a goblin.

Vanquished Creatures
  A leopard gecko (D:1)
  A goblin (D:1)
  3 hobgoblins (D:1)
  A kobold (D:1)
  A ball python (D:1)
  2 bats (D:1)
  A rat (D:1)
10 creatures vanquished.

Notes
Turn   | Place    | Note
-------+----------+-------------------------------------------
     0 | D:1      | McKennaii the High Elf Wizard began the quest for the Orb.
     0 | D:1      | Reached XP level 1. HP: 11/11 MP: 6/6
     2 | D:1      | Noticed a vine stalker
     2 | D:1      | Noticed a minotaur
     4 | D:1      | Noticed a merfolk
     4 | D:1      | Noticed an ogre
     6 | D:1      | Noticed a gargoyle
     6 | D:1      | Noticed a felid
     8 | D:1      | Noticed a centaur
     8 | D:1      | Noticed a tengu
    10 | D:1      | Noticed a vampire
    12 | D:1      | Noticed an elf
    14 | D:1      | Noticed a demigod
    14 | D:1      | Noticed a halfling
    16 | D:1      | Noticed a troll
    18 | D:1      | Noticed a formicid
    18 | D:1      | Noticed a dwarf
    20 | D:1      | Noticed a demonspawn
    20 | D:1      | Noticed a human
    22 | D:1      | Noticed a draconian
    24 | D:1      | Noticed an octopode
    24 | D:1      | Noticed a spriggan
    26 | D:1      | Noticed a naga
    26 | D:1      | Noticed a ghoul
   226 | D:1      | Reached skill level 4 in Spellcasting
   228 | D:1      | Reached XP level 2. HP: 16/17 MP: 0/8
   428 | D:1      | Slain by a goblin

Skill      XL: |  1 |
---------------+----+-----
Spellcasting   | 4 |  4.0
Dodging        | |  2.5
Stealth        | |  2.1
Conjurations   | |  1.3
Summonings     | |  0.8
Translocations | |  1.1

Action                   || total
-------------------------++-------
Melee: Unarmed           ||    34
 Cast: Magic Dart        ||    36
Armor: Robe              ||    11
Dodge: Dodged            ||    52
